 Dungeon Crawl Stone Soup version 0.18-a0-1577-gf591c28 (webtiles) character file.

56 dvd the Scratcher (level 3, -4/15 HPs)
             Began as a Felid Transmuter on Mar 22, 2016.
             Was an Initiate of Sif Muna.
             Slain by an ice beast (8 damage)
             ... on level 3 of the Dungeon.
             The game lasted 00:10:56 (2592 turns).

dvd the Scratcher (Felid Transmuter)                Turns: 2592, Time: 00:10:56

Health: -4/15      AC:  2    Str:  6    XL:     3   Next: 69%
Magic:  6/8        EV: 22    Int: 15    God:    Sif Muna [......]
Gold:   134        SH:  0    Dex: 21    Spells: 3 memorised, 1 level left
                                        Lives:  0   Deaths: 1

rFire  . . .     SeeInvis +       - Unarmed
rCold  . . .     Gourm    .     (armour unavailable)
rNeg   . . .     Faith    .     (shield unavailable)
rPois  x         Spirit   .     (helmet unavailable)
rElec  .         Dismiss  .     (cloak unavailable)
rCorr  .         Reflect  .     (gloves unavailable)
SustAt .         Harm     .     (boots unavailable)
MR     .....                    (no amulet)
Stlth  ++........               (no ring)
                                f - ring of flight

@: spider-form (expiring), not resistant to hostile enchantments, unstealthy
A: no armour, no weapons or thrown items, (claws 0), (fangs 0), see invisible,
carnivore 3, (speed 0), (shaggy fur 0), slow metabolism 1, (sharp paws)
a: End Transformation, Renounce Religion, Evoke Flight


You were on level 3 of the Dungeon.
You worshipped Sif Muna.
Sif Muna was noncommittal.
You were full.
You were a venomous arachnid creature.
You visited 1 branch of the dungeon, and saw 4 of its levels.

You collected 134 gold pieces.

Inventory:

Missiles
 a - 23 arrows
Jewellery
 f - a ring of flight (left front leg)
Wands
 m - a wand of random effects (35/48)
Scrolls
 d - 2 scrolls of remove curse {unknown}
 j - 3 scrolls of fog {unknown}
 l - 2 scrolls of enchant armour {unknown}
 n - a scroll of amnesia {unknown}
 o - a scroll of enchant weapon {unknown}
 q - a scroll of recharging {unknown}
 r - a scroll of teleportation {unknown}
 s - a scroll of identify {unknown}
Potions
 e - 2 potions of curing {unknown}
 g - a potion of mutation {unknown}
 h - a potion of cure mutation {unknown}
 i - a potion of ambrosia {unknown}
 k - 4 potions of flight {unknown}
 p - a potion of magic {unknown}
 t - a potion of lignification {unknown}
Books
 b - a book of Changes

   Spells                             Type                      Level
   a - Beastly Appendage              Transmutation                1
   b - Sticks to Snakes               Transmutation                2
   c - Spider Form                    Transmutation/Poison         3
   d - Ice Form                       Ice/Transmutation            4
   e - Blade Hands                    Transmutation                5
Comestibles
 c - 3 meat rations


   Skills:
 + Level 1.0 Fighting
 + Level 3.5 Dodging
 + Level 1.1 Stealth
 + Level 3.6 Unarmed Combat
 + Level 2.7 Spellcasting
 + Level 3.6 Transmutations
 + Level 0.3 Poison Magic


You had one spell level left.
You knew the following spells:

 Your Spells              Type           Power        Failure   Level  Hunger
a - Beastly Appendage     Trmt           ##....       17%         1    #......
b - Sticks to Snakes      Trmt           ##......     24%         2    ##.....
c - Spider Form           Trmt/Pois      #.........   52%         3    ###....


Dungeon Overview and Level Annotations

Branches:
Dungeon (4/15)
 Temple: D:4-7

Altars:
Sif Muna

Annotations:
D:4 dvd's ghost, amateur FeEn


Innate Abilities, Weirdness & Mutations

You cannot wear armour.
You are incapable of wielding weapons or throwing items.
((You have sharp claws.))
((You have razor-sharp teeth.))
You have supernaturally acute eyesight.
You are carnivorous and can eat meat at any time.
((You cover ground quickly.))
((You are covered in fur (AC +1).))
You have a slow metabolism.
((Your sharp claws are effective at attacking unaware monsters.))


Message History

The ice beast barely misses you.
You hit the ice beast but do no damage.
The ice beast is lightly wounded.
Press: ? - help, v - describe, . - travel
Here: an ice beast (lightly wounded)
The floor.
You hit the ice beast.
The ice beast is poisoned.
The ice beast is lightly wounded.
The ice beast hits you. The ice beast freezes you.
Your transformation is almost over.
There is a stone staircase leading up here.
The ice beast completely misses you.
You climb upwards.
There is a stone staircase leading down here.
The ice beast barely misses you. The ice beast hits you.
* * * LOW HITPOINT WARNING * * *
The ice beast freezes you!
Ouch! That really hurt!
You die...

...##.# #..# ...##.#
#.## ..###.# #.#
#..#..# #.#
##...#####.#########
####.###.....#.....##
.###.##.............##
.....................#
..#.............s....#
#.##...<........Y....#
#..#.#[.........>%...#
##...#...............#
###.#...............#
#.##.............##
####.###.....#.)...##
.....##..###########
###..##.####


You could see an ice beast.

Vanquished Creatures
  A giant frog skeleton (D:4)
  2 adders
  4 orcs (D:3)
  2 giant cockroaches
  A goblin (D:3)
  2 hobgoblins
  7 jackals (D:2)
  A kobold (D:1)
  2 quokkas (D:2)
  A ball python (D:1)
  5 bats
  2 giant newts (D:1)
  5 rats
35 creatures vanquished.

Vanquished Creatures (collateral kills)
  An orc wizard (D:3)
  2 adders
  A worm (D:3)
  A giant gecko (D:2)
  3 orcs
  2 bats (D:3)
  3 goblins
  A ball python (D:1)
  2 kobolds
  2 rats
18 creatures vanquished.

Grand Total: 53 creatures vanquished

Notes
Turn   | Place    | Note
--------------------------------------------------------------
     0 | D:1      | dvd the Felid Transmuter began the quest for the Orb.
     0 | D:1      | Reached XP level 1. HP: 9/9 MP: 4/4
   510 | D:1      | Reached XP level 2. HP: 12/12 MP: 4/6
   555 | D:1      | Learned a level 2 spell: Sticks to Snakes
   986 | D:2      | Reached XP level 3. HP: 13/15 MP: 0/7
  1310 | D:2      | Learned a level 3 spell: Spider Form
  1381 | D:2      | Found a deep blue altar of Sif Muna.
  1388 | D:2      | Became a worshipper of Sif Muna the Loreminder
  2020 | D:3      | Reached skill level 1 in Stealth
  2020 | D:3      | Reached XP level 4. HP: 19/19 MP: 3/8
  2453 | D:4      | Noticed dvd's ghost (amateur FeEn)
  2495 | D:4      | Slain by dvd's ghost
  2496 | D:4      | Reached XP level 3. HP: -3/15 MP: 2/8
  2575 | D:4      | Noticed an ice beast
  2592 | D:3      | Slain by an ice beast

Vault maps used:
D:1:      ncdulo_wetmaze, grunt_decor_one_mirror
D:2:      nicolae_overflow_crystal_walls
D:3:      first_bread
D:4:      nicolae_gozag_seed_capital, grunt_temple_overflow_open,
          minmay_temple_entry_trees

Skill      XL: |  1  2  3 |
---------------+----------+-----
Dodging        | 3 |  3.5
Transmutations | 3 |  3.6
Stealth        | 1 |  1.1
Fighting       | |  1.0
Unarmed Combat | |  3.6
Spellcasting   | |  2.7
Poison Magic   | |  0.3

Action                   |  1- 3 |  4- 6 || total
-------------------------+-------+-------++-------
Melee: Unarmed           |    69 |    26 ||    95
 Cast: Beastly Appendage |    15 |     3 ||    18
       Sticks to Snakes  |    23 |     7 ||    30
       Spider Form       |     1 |       ||     1
 Stab: Sleeping          |     3 |     1 ||     4
       Distracted        |     1 |       ||     1
  Eat: Chunk             |    14 |     1 ||    15
